Cogmind - Beta 15 @@@ ROGUE MODE // 2025.06.05 @ 12:39:51 Player: Fleshy Vegetable Bird Result: Smashed by cave-in Performance ------------- Evolutions (0) 0 Regions Visited (2) 400 Robots Destroyed (21) 105 Value Destroyed (319) 319 Prototype IDs (0) 0 Alien Tech Used (0) 0 Bonus (0) 0 TOTAL SCORE: 824 Bonus ------- None Cogmind --------- Core Integrity 0/250 Matter 188/300 Energy 100/100 System Corruption 10% Temperature Cool (0) Movement Rolling (110) Ox2 Location -10/Subcaves Parts ------- > --- POWER (1) -------- (None) > --- PROPULSION (2) --- Wheel > --- UTILITY (2) ------ Large Storage Unit Improved Terrain Scanner > --- WEAPON (2) ------- Mining Laser > --- INVENTORY (15) --- Light Nuclear Core Spiked Treads Wheel Large Storage Unit High-capacity Matter Pod (0) Subdweller Optics Subdweller Optics Seismic Detector Subdweller Beam Cannon Assault Rifle Rocket Launcher Rocket Launcher Rocket Launcher Plasma Cutter Flamer Peak State ------------ > --- POWER ------------ Ion Engine > --- PROPULSION ------- Wheel Wheel > --- UTILITY ---------- Large Storage Unit Improved Terrain Scanner > --- WEAPON ----------- Rocket Launcher Mining Laser > --- INVENTORY -------- Light Nuclear Core Spiked Treads Wheel Wheel Large Storage Unit High-capacity Matter Pod Subdweller Optics Seismic Detector Subdweller Beam Cannon Assault Rifle Rocket Launcher Rocket Launcher Rocket Launcher Plasma Cutter Flamer [Rating: 12] Favorites ----------- Power Ion Engine Engine Ion Engine Propulsion Wheel Wheel Wheel Utility Large Storage Unit Device Seismic Detector Storage Large Storage Unit Weapon Assault Rifle Energy Gun Small Laser Ballistic Gun Assault Rifle Launcher Rocket Launcher Special Weapon Mining Laser Build | -11 -10 -10 ------- Run | Yrd Mat Sub Slots Evolved . | . . . Power . | . . . Propulsion . | . . . Utility . | . . . Weapon . | . . . Parts Attached 19 | 10 4 5 Power 2 | 2 . . Engine 2 | 2 . . Core . | . . . Reactor . | . . . Propulsion 7 | 4 1 2 Treads . | . . . Leg . | . . . Wheel 7 | 4 1 2 Hover . | . . . Flight . | . . . Utility 5 | 2 1 2 Device 3 | 1 . 2 Storage 2 | 1 1 . Processor . | . . . Hackware . | . . . Protection . | . . . Artifact . | . . . Weapon 5 | 2 2 1 Energy Gun 1 | 1 . . Energy Cannon . | . . . Ballistic Gun 1 | 1 . . Ballistic Cannon . | . . . Launcher 1 | . 1 . Special Weapon 2 | . 1 1 Impact Weapon . | . . . Slashing Weapon . | . . . Piercing Weapon . | . . . Special Melee Weapon . | . . . Unidentified Prototypes . | . . . Parts Lost 3 | . . 3 Power 1 | . . 1 Propulsion 1 | . . 1 Utility . | . . . Weapon 1 | . . 1 Highest Loss Streak 3 | . . 3 To Critical Strikes . | . . . Average Backups 13 | 4 11 14 Power 1 | . 1 1 Propulsion 2 | . 3 2 Utility 4 | 1 4 4 Weapon 4 | . 1 5 Tool/Special . | . . . Unused Backups 16 | 3 . 13 Power 1 | . . 1 Propulsion 2 | . . 2 Utility 7 | 2 . 5 Weapon 5 | 1 . 4 Tool/Special 1 | . . 1 Average Slot Usage (%) 100 | . 100 100 Engine 14 | . 14 14 Wheel 28 | . 28 28 Device 14 | . 14 14 Storage 14 | . 14 14 Energy Gun 3 | . 12 1 Ballistic Gun 7 | . 14 5 Launcher 8 | . . 10 Special Weapon 8 | . . 10 Peak Build Rating 12 | 7 10 12 Average Rating 9 | 5 8 10 On Entrance 5 | . 7 10 Naked Turns . | . . . Heaviest Build 32 | 14 32 32 Greatest Support 32 | 32 20 20 Greatest Overweight (x) 1 | 1 1 1 Average Overweight (x) . | . . 1 Largest Inventory Capacity 15 | 8 15 15 Average Capacity 14 | 7 14 15 Most Carried 15 | 8 15 15 Average Carried 13 | 4 11 14 Final Capacity 15 | 8 15 15 Final Carried 15 | 7 15 15 Class Distribution -------------------- 58% | Mutant 41% | Scavenger-Mutant Dominant Class ---------------- Mutant | -10/Materials Scavenger-Mutant | -10/Subcaves Resources | -11 -10 -10 ----------- Run | Yrd Mat Sub Matter Collected 713 | 389 221 103 Remotely . | . . . Salvage Created 539 | 256 235 48 Parts 33 | 17 15 1 Haulers Intercepted . | . . . Recyclers Shooed . | . . . Parts Field Recycled . | . . . Retrieved Matter . | . . . Parts Self-Destructed 9 | . . 9 Prevented . | . . . Kills | -11 -10 -10 ------- Run | Yrd Mat Sub Combat Hostiles Destroyed 8 | . 6 2 Guns 6 | . 6 . AOE 2 | . . 2 Classes Destroyed 7 | 3 3 1 Worker 3 | 2 1 . Tunneler 8 | 7 1 . Recycler 1 | 1 . . Watcher 1 | . 1 . Swarmer 3 | . 3 . Grunt 3 | . 3 . Subdweller 2 | . . 2 Best Kill Streak 3 | 3 3 2 Combat Bots Only 3 | . 3 2 Max Kills in Single Turn 1 | 1 1 1 Gunslinging . | . . . Exploded 1 | . . 1 Melee . | . . . Uniques/NPCs Destroyed . | . . . Combat | -11 -10 -10 -------- Run | Yrd Mat Sub Hostile Shots Fired 38 | . 31 7 Missed 11 | . 9 2 Hits 27 | . 22 5 Projectile 27 | . 22 5 Damage Taken 675 | . 235 440 Core 254 | . 67 187 Absorbed by Shields . | . . . Core Remaining (%) 100 | 100 . . Volleys Fired 84 | 33 31 20 Largest 2 | 2 2 2 Hottest 100 | 60 100 100 Shots Fired 128 | 52 51 25 Gun 107 | 52 50 5 Cannon . | . . . Launcher 9 | . . 9 Special 12 | . 1 11 Kinetic 68 | 33 30 5 Thermal 51 | 19 21 11 Explosive 9 | . . 9 Electromagnetic . | . . . Robot Hit Streak 15 | 10 6 15 Robot Miss Streak 4 | 4 3 . Penetration Max . | . . . Secondary Targets . | . . . Shots Hit Robots 75 | 33 32 10 Core Hits 30 | 11 15 4 Critical Kills . | . . . Critical Parts Destroyed . | . . . Critical Strikes . | . . . Melee Attacks . | . . . Impact . | . . . Slashing . | . . . Piercing . | . . . Sneak Attacks . | . . . Combat Hostiles . | . . . Follow-up Attacks . | . . . Damage Inflicted 1210 | 406 414 390 Guns 877 | 406 414 57 Cannons . | . . . Explosions 327 | . . 327 Melee . | . . . Ramming 6 | . . 6 Kinetic 647 | 276 314 57 Thermal 230 | 130 100 . Explosive 327 | . . 327 Electromagnetic . | . . . Impact . | . . . Slashing . | . . . Piercing . | . . . Highest Corruption . | . . . Average Corruption . | . . . Corruption Purged . | . . . Corruption Blocked . | . . . Overload Shots . | . . . Overflow Damage . | . . . Projectiles . | . . . Explosions . | . . . Melee . | . . . Knockbacks . | . . . Impact . | . . . Kinetic . | . . . Secondary . | . . . Self-Inflicted Damage 3 | . . 3 Shots . | . . . Rammed 1 | . . 1 Targets Rammed 1 | . . 1 Kicked . | . . . Crushed . | . . . Highest Temperature 36 | . 36 . Average Temperature 19 | . 19 . Received Heat Transfer 114 | . 84 30 Siege Activations . | . . . Martial Activations . | . . . Shielding Activations . | . . . Robots Disrupted . | . . . Combat Hostiles . | . . . Robots Corrupted . | . . . Combat Hostiles . | . . . Parts Fried . | . . . Impact Corruptions . | . . . Robots Melted . | . . . Combat Hostiles . | . . . Parts Melted . | . . . Heat Transferred 525 | 300 225 . Parts Sabotaged . | . . . Parts Stolen . | . . . Parts Stripped . | . . . Power Chain Reactions . | . . . Alert | -11 -10 -10 ------- Run | Yrd Mat Sub Maximum Alert Level . | . . . Low Security (%) 100 | 100 100 . Level 1 . | . . . Level 2 . | . . . Level 3 . | . . . Level 4 . | . . . Level 5 . | . . . High Security . | . . . Max Security . | . . . Peak Influence 80 | 10 80 . Initial 3 | . 3 . Average 19 | 2 28 . Influence Increases 279 | 50 229 . Destroy 0b10 Robot/C 120 | . 120 . Destroy 0b10 Robot/NC 65 | 50 15 . Destroy Leader 32 | . 32 . Successful Hack 31 | . 31 . Destroy Structure 1 | . 1 . Lose Combat Pursuer 30 | . 30 . Influence Decreases 279 | 45 172 62 Entered New Map 32 | . 2 30 Time Decay 247 | 45 170 32 Squads Dispatched 1 | . 1 . Investigation . | . . . Extermination . | . . . Reinforcement 1 | . 1 . Assault . | . . . Garrison . | . . . Intercept . | . . . Searches Triggered . | . . . Construction Impeded . | . . . Haulers Reinforced . | . . . Active Scanning Responses . | . . . Cargo Convoy Interrupts . | . . . Stealth | -11 -10 -10 --------- Run | Yrd Mat Sub Distress Signals 1 | . 1 . Communications Jammed . | . . . Distress Signals . | . . . Times Spotted 13 | . 11 2 Peak Tracking Total 3 | . 3 2 Tactical Retreats 2 | . 2 . Traps | -11 -10 -10 ------- Run | Yrd Mat Sub Traps Triggered . | . . . Indirectly . | . . . Trap Hack Attempts . | . . . Triggered . | . . . Disarmed . | . . . Reprogrammed . | . . . Reused . | . . . Traps Extracted . | . . . Installed . | . . . Triggered . | . . . Machines | -11 -10 -10 ---------- Run | Yrd Mat Sub Machines Disabled . | . . . Max in Single Turn . | . . . Machines Repaired . | . . . Machines Dismantled . | . . . Machines Sabotaged . | . . . Overloaded Fab Kills . | . . . Hacking | -11 -10 -10 --------- Run | Yrd Mat Sub Machines Accessed 5 | . 5 . Terminals 5 | . 5 . Fabricators . | . . . Repair Stations . | . . . Recycling Units . | . . . Scanalyzers . | . . . Garrison Access . | . . . Total Hacks 17 | . 17 . Successful 11 | . 11 . Failed 6 | . 6 . Catastrophic 1 | . 1 . Database Lockouts . | . . . Manual 15 | . 15 . Terminals 17 | . 17 . Fabricators . | . . . Repair Stations . | . . . Recycling Units . | . . . Scanalyzers . | . . . Garrison Access . | . . . Terminal Hacks 5 | . 5 . Robot Analysis 3 | . 3 . Locate Traps 2 | . 2 . Fabricator Hacks . | . . . Repair Station Hacks . | . . . Recycling Unit Hacks . | . . . Scanalyzer . | . . . Garrison Access Hacks . | . . . Unauthorized Hacks 6 | . 6 . Terminals 6 | . 6 . Track 2 | . 2 . Botnet 4 | . 4 . Fabricators . | . . . Repair Stations . | . . . Recycling Units . | . . . Scanalyzers . | . . . Garrison Access . | . . . Data Cores Recovered . | . . . Used . | . . . Hacking Detections 4 | . 4 . Full Trace Events . | . . . Feedback Events . | . . . Feedback Blocked . | . . . Robot Schematics Acquired . | . . . Robots Built . | . . . Authchips . | . . . Time . | . . . Total Robot Build Rating . | . . . Part Schematics Acquired . | . . . Parts Built . | . . . Authchips . | . . . Time . | . . . Total Part Build Rating . | . . . Parts Repaired . | . . . Time . | . . . Parts Recycled . | . . . Recycled Matter . | . . . Retrieved Matter . | . . . Retrieved Components . | . . . Parts Scanalyzed . | . . . Part Schematics Acquired . | . . . Parts Damaged . | . . . Bothacking | -11 -10 -10 ------------ Run | Yrd Mat Sub Used RIF Installer . | . . . Robots Hacked . | . . . Non-combat . | . . . Combat . | . . . Robot Hacks Applied . | . . . Relay Couplers Released . | . . . Fabnet Peak Effective % . | . . . Robots Rewired . | . . . Allies Hacked . | . . . Hacks Repelled . | . . . Allies | -11 -10 -10 -------- Run | Yrd Mat Sub Total Allies . | . . . Largest Group . | . . . Highest-Rated Group . | . . . Highest-Rated Ally . | . . . Total Orders . | . . . Ally Attacks . | . . . Total Damage . | . . . Kills . | . . . Allies Corrupted . | . . . Allies Melted . | . . . Intel | -11 -10 -10 ------- Run | Yrd Mat Sub Active Infowar (turns) 2212 | . 492 1720 Terrain 906 | . . 906 Seismic 1306 | . 492 814 Robot Analysis Total 3 | . 3 . Derelict Logs Recovered 1 | . . 1 Drone Launches . | . . . Drone Recoveries . | . . . Exploration | -11 -10 -10 ------------- Run | Yrd Mat Sub Turns Passed 2446 | 230 492 1724 Spaces Moved 1174 | 128 373 673 Core 14 | 14 . . Treads . | . . . Legs . | . . . Wheels 1160 | 114 373 673 Hover . | . . . Flight . | . . . Fastest Speed 50 | 50 80 95 Average Speed 93 | 88 93 95 Slowest Speed 100 | 100 95 95 Overloaded Moves . | . . . Propulsion Burnouts . | . . . Robots Hopped . | . . . Potential Cave-ins 1 | . . 1 Cave-ins Triggered 1 | . . 1 Exploration Rate (%) 28 | 6 57 22 Regions Visited 2 Branch Regions 1 Pre-discovered Areas . | . . . Known Exits Taken . | . . . Unknown Exits Taken 2 | 1 1 . Scrap Searched . | . . . Spaces Dug 25 | . 1 24 Terrain Destroyed 52 | . 1 51 Melee . | . . . Projectile 1 | . 1 . AOE 51 | . . 51 Terrain Rammed . | . . . Walls Destroyed . | . . . Machines Disabled . | . . . Actions | -11 -10 -10 --------- Run | Yrd Mat Sub Total 2365 | 193 461 1711 Wait 1036 | . 42 994 Move 1171 | 127 372 672 Hop . | . . . Pick Up 34 | 17 9 8 Fast Attach 3 | 3 . . Attach 6 | 6 . . Detach . | . . . Swap 13 | 1 4 8 Drop 17 | 6 3 8 Fire 84 | 33 31 20 Melee . | . . . Ram 1 | . . 1 Kick . | . . . Crush . | . . . Escape Stasis . | . . . Rewire . | . . . Trap . | . . . Miscellaneous . | . . . Route ------- -11/Scrapyard -10/Materials (discovered 3 exits: [*Mat] / [*Min] / [*Sub]) -10/Subcaves History --------- Turn | Location | Event 2 | -11/Scrapyard | Met Revision 17 6 | -11/Scrapyard | Discovered new exit (range 16) 231 | -11/Scrapyard | Entered Materials 313 | -10/Materials | Build established: Mutant 465 | -10/Materials | Discovered new exit (range 9) 613 | -10/Materials | Discovered new exit (range 15) 692 | -10/Materials | Discovered new exit (range 6) 723 | -10/Materials | Entered Subcaves 744 | -10/Subcaves | Curiously followed by a Cobbler waking with a query about "LVR3C" 786 | -10/Subcaves | Shifting Twisted Machinery released Flamer 918 | -10/Subcaves | Shifting Twisted Machinery released Sub. Beam Cannon 1149 | -10/Subcaves | A swath of the cavern ceiling suddenly collapsed 1277 | -10/Subcaves | Ambushed by Subdwellers from Twisted Machinery 1290 | -10/Subcaves | Core integrity fell below 50% 1376 | -10/Subcaves | Learned Materials terminal intel 1732 | -10/Subcaves | Build established: Scavenger-Mutant 2447 | -10/Subcaves | Crushed by falling debris 2447 | -10/Subcaves | Smashed by cave-in Last Messages --------------- 02326_ Slammed into OL-8LN(O). 02362_ Dropped Hcp. Matter Pod. 02363_ OL-8LN(O) extracts matter from Hcp. Matter Pod. 02366_ Extracted 22 matter. 02367_ Acquired Hcp. Matter Pod. 02390_ OL-8LN(O) puts together Sub. Optics. 02412_ Dropped Wheel. 02413_ Acquired Wheel. 02414_ Dropped Wheel. 02415_ Acquired Sub. Optics. 02417_ Subatomizers dissect the Wheel. 02442_ The unstable cave ceiling collapses. 02447_ Crushed by falling debris. 02447_ Wheel destroyed. 02447_ System corrupted by crushing effect (+4). 02447_ Ion Engine destroyed. 02447_ System corrupted by crushing effect (+5). 02447_ Rocket Launcher destroyed. 02447_ System corrupted by crushing effect (+1). Map ----- +----------------------------------------------------+ | ?????????????????????????????????????????????????? | | ?????????????????????????????????????????????????? | | ?????????????????????????????????????????????????? | | ?????????????????????????????????????????????????? | | ????????????????##???????????????????????????????? | | ????????#????#????##?????????????????????????????? | | ????#?????#?#????????????????????????????????????? | | ???????#???#??#??????????????????????????????????? | | ??????????????#???????#??????????????????????????? | | ###?????#?#?##???????????????????????????????????? | | ????????##????##????????#??#????#????????????????? | | ??????###?###?##???###?#??#???????#??????????????? | | #???????#??#??###??####?#??#?????????????????????? | | ??##??#?#???#??###???##?#???#????????????????????? | | #???#???##??#?##?###??##??????##?????????????????? | | #?###?#??#?###??###?????#???#??#??"??????????????? | | ?#?####?#??##??###########?#???#?????????????????? | | ??##""##?####### ### ##?##??#?" ??????????????? | | ???#" "##?### ##??????????????????????? | | ?#?#""""##?# O ######??#?" ????????????? | | ??##""""#### #########??"" ????????????? | | ??## """ # ## ### "" ???#????????? | | #?# " """"????????????? | | ??#### ## """""??????????? | | #?#?## ### " "#?#????????? | | ?????## & ## @ "#?????????????? | | #???#?# = #?????????????? | | #????## [ # ###?????????????? | | #?#### ### #######???######??????? | | ### #?# #########"" #??????? | | ## ###"""""""#### "" ##?????? | | ## ## ##""" ## "" #?????? | | #### ## "##?????? | | ##?# ## ### ### ##??????? | | ####?## #### ##?#### #### ####???????? | | ??????###########??##### ###### ##?????????? | | ????#??##??#????#??#??## #?#?## ##????????? | | ?????##???###?####?????## #?#??## #????????? | | ??????????###???###??#?## #?#?#?### #????????? | | ??????????#???????#?????###?#??#### ##????????? | | ????????#??????????#???????##?## #####?????? | | ???????????????????#?#???#?# ## #?????? | | ??????????????#???##?????### #### #?????? | | ??????????????????????????# #??# ##????? | | ??????????????????????????# #??# #????? | | ??????????????????????????# ##??## ##????? | | ????????????????????####??# ######### ##?????? | | ???????????????????## ####### ## ### #??????? | | ????????????????????# ##??### ##??????? | | ????????????????????# ###### ##???????? | +----------------------------------------------------+ Best States ------------- Heat Dissipation 25 Energy Generation 10 Energy Capacity 250 Matter Stores 300 Matter Capacity 300 Sight Range 16 Terrain Scan Range 16 Terrain Scan Density 10 Evasion (%) 50 Item Schematics ----------------- None Robot Schematics ------------------ None Fabricated ------------ Nothing Repaired ---------- Nothing Alien Tech Used ----------------- None Achievements -------------- None Challenges ------------ None Game ------ Seed RagnarokFusionFirepult Manual? 0 Play Time 00:13:50 Cumulative 363.0 hours Start 2025.06.05 @ 12:26:34 End 2025.06.05 @ 12:39:51 Sessions 1 Manual Loads 0 Difficulty Rogue Special Mode None Game No. 408 Rogue 408 Adventurer 0 Explorer 0 Win Type - Total 6 Types 3/1/1/1/0/0/0/0/0/0 Lore% 65 Gallery% 70 Achievement% 68 Wizard Run 0 Options --------- Layout 1 ASCII 0 Keyboard 0 Movement Numpad Keybinds 0 Fullscreen 1 Font 32/SmallcapsGlow Map View 50x35 Zoom Use 0% Tactical HUD 1 Map Filters NONE Filters NONE Steam 1 RUN: 8f1cf5f5-9667-4b6a-a884-4d8641505380